 Dungeon Crawl Stone Soup version 0.19.1-1-g22dce08 (webtiles) character file.

132 RKaid the Ruffian (level 4, -6/44 HPs)
             Began as a Troll Monk on Jan 13, 2017.
             Mangled by Crazy Yiuf
             ... wielding a +4 quarterstaff of chaos
              (11 damage)
             ... on level 3 of the Dungeon.
             The game lasted 00:04:06 (2478 turns).

RKaid the Ruffian (Troll Monk)                      Turns: 2478, Time: 00:04:06

Health: -6/44      AC:  6    Str: 19 (20) XL:     4   Next: 92%
Magic:  3/3        EV:  9    Int:  4 (6)  God:
Gold:   128        SH:  0    Dex: 10 (12) Spells: 0 memorised, 3 levels left

rFire  + . .     SeeInvis .       - Unarmed
rCold  . . .     Gourm    +     r - +1 robe {rF+}
rNeg   . . .     Faith    .     (no shield)
rPois  .         Spirit   .     (helmet restricted)
rElec  .         Reflect  .     (no cloak)
rCorr  .         Harm     .     (gloves unavailable)
MR     .....                    (boots unavailable)
Stlth  +.........               (no amulet)
                                (no ring)
                                o - ring of wizardry {Wiz+}

@: lethally poisoned (-6 -> -7), very slightly contaminated, hasted, heavily
drained, very quick
A: unfitting armour, claws 3, fast metabolism 3, gourmand, regeneration 1,
shaggy fur 1, tough skin 2
a: no special abilities


You were on level 3 of the Dungeon.
You were full.

You visited 1 branch of the dungeon, and saw 3 of its levels.

You collected 128 gold pieces.

Inventory:

Missiles
 n - a throwing net {=f}
Armour
 r - a +1 robe of fire resistance (worn)
   (You found it on level 2 of the Dungeon)
Jewellery
 o - a ring of wizardry (left claw) {Wiz+}
   (You found it on level 3 of the Dungeon)
Scrolls
 c - 2 scrolls of remove curse {unknown}
 g - 2 scrolls of amnesia {unknown}
 h - 6 scrolls of identify {unknown}
 k - a scroll of teleportation {unknown}
 q - 2 scrolls of magic mapping {unknown}
Potions
 d - 4 potions of degeneration {!q}
 e - a potion of might {unknown}
 l - a potion of lignification {unknown}
 m - 2 potions of agility {unknown}
 p - a potion of flight {unknown}
 s - a potion of cure mutation {unknown}
Comestibles
 a - 2 slices of pizza
 b - 4 bread rations
 f - 3 fruits
 i - a beef jerky
 j - a meat ration


   Skills:
 - Level 2.7(1.1) Fighting
 - Level 2.4(0.8) Dodging
 - Level 1.0(0.0) Stealth
 * Level 5.5(3.7) Unarmed Combat


You had 3 spell levels left.
You didn't know any spells.

Dungeon Overview and Level Annotations

Branches:
Dungeon (3/15)

Altars:
Fedhas
Kikubaaqudgha
Ru
Trog
Zin
The Shining One

Annotations:
D:3 Crazy Yiuf


Innate Abilities, Weirdness & Mutations

You are too large for most types of armour.
You have claws for hands.
Your metabolism is lightning-fast.
You like to eat raw meat.
Your natural rate of healing is unusually fast.
You are covered in fur. (AC +1)
You have very tough skin. (AC +2)


Message History

An orc comes into view. It is wielding a dagger.
A quokka comes into view.
The orc shouts!
You closely miss the orc. The orc closely misses you.
You completely miss the orc. The orc hits you with a dagger.
You scratch the orc. The orc hits you but does no damage.
The quokka closely misses you.
You scratch the orc.
You kill the orc!
The quokka barely misses you.
You scratch the quokka. The quokka bites you.
You barely miss the quokka.
The quokka bites you but does no damage.
You scratch the quokka. The quokka bites you.
You barely miss the quokka. The quokka barely misses you.
You closely miss the quokka.
The quokka bites you but does no damage.
You barely miss the quokka. You claw the quokka, but do no damage.
The quokka bites you. x2
You closely miss the quokka. The quokka closely misses you.
You miss the quokka. The quokka barely misses you.
You barely miss the quokka. The quokka misses you.
You claw the quokka!
You kill the quokka!
No target in view!
No target in view!
You start resting.
Eating a chunk of flesh.
You start eating the chunk of flesh.
This raw flesh tastes great.
You butcher the quokka corpse.
l - a chunk of flesh
Found a stone staircase leading up.
Found a stone staircase leading up.
There is a stone staircase leading up here.
h - 6 scrolls labeled AHIYNNONUM (gained 1)
Found a stone staircase leading down.
Eating a chunk of flesh.
You start eating the chunk of flesh.
This raw flesh tastes great.
l - a lumpy coppery potion A kobold comes into view.
It is wielding a dagger.
A kobold is nearby!
A kobold is nearby!
A kobold is nearby!
A kobold is nearby!
The kobold shouts!
The kobold throws a stone.
The stone hits you but does no damage.
You see here a stone.
A kobold is nearby!
A kobold is nearby!
The kobold throws a stone.
The stone hits you but does no damage.
You see here a stone.
The kobold throws a stone.
The stone hits you but does no damage.
You see here a stone.
You miss the kobold. The kobold hits you but does no damage.
You barely miss the kobold. The kobold closely misses you.
You claw the kobold!
You kill the kobold!
No target in view!
No target in view!
No target in view!
No target in view!
No target in view!
No target in view!
Things that are here:
a dagger; a kobold corpse You see here a stone.
You now have 128 gold pieces (gained 4).
There is a stone staircase leading up here.
Partly explored, obstructed by runed door.
You open the door.
Marking area around Crazy Yiuf as unsafe for travelling.
Crazy Yiuf the Enlightened comes into view.
He is wielding a quarterstaff of chaos.
There is an open door here.
Crazy Yiuf shouts!
Crazy Yiuf says, "Candle!"
You claw Crazy Yiuf!
Crazy Yiuf hits you with a quarterstaff of chaos!
You are poisoned.
You scratch Crazy Yiuf but do no damage.
You feel sick.
You claw Crazy Yiuf!
Crazy Yiuf hits you with a quarterstaff of chaos!
You feel yourself speed up.
You are very lightly contaminated with residual magic.
You scratch Crazy Yiuf but do no damage.
You feel sick.
Crazy Yiuf hits you with a quarterstaff of chaos!
* * * LOW HITPOINT WARNING * * *
x2 You closely miss Crazy Yiuf.
You feel sick.
Sorry, you're not good enough to have a special ability.
Unknown command.
You closely miss Crazy Yiuf. Crazy Yiuf barely misses you.
It was a potion of degeneration.
There was something very wrong with that liquid.
You feel weakened.
You feel dopey.
You feel clumsy.
You feel sick.
You closely miss Crazy Yiuf. Crazy Yiuf misses you.
You closely miss Crazy Yiuf.
You feel sick.
Crazy Yiuf hits you with a quarterstaff of chaos!
You die...

.....#.....#...# #.# ##.......
#####..#.......######.###8.......
#.......((....).......# #.......
#.......<.###########.# #...##⌠#
##.........# #.###...####
...........# ##### #.##8...8# #
...........# #)..# #.###...## #
##.........# #.g.# #.##.....#
##.........# #.@.# #.#......#
..>........# ##'## #........#
#.####.###.# ♣.♣♣ #.##.#...#
#.####.# #.# ♣♣.♣ #.##.#...#
#.##...# #.# ♣.♣♣ #.#..#...#
.....#.# #.# ♣♣.♣ #.#.##...##
#.####.# #.# ♣♣.♣♣ #...##....#
..####.# #.# ♣♣PP.♣ #..###..#"##
#....#.# #.# ♣PPP.♣ #.......#..#


You could see Crazy Yiuf.

Vanquished Creatures
  3 adders
  3 gnolls (D:2)
  3 oozes
  2 worms
  2 dart slugs
  A leopard gecko (D:3)
  2 orcs (D:3)
  A ball python (D:3)
  A giant cockroach (D:2)
  5 goblins
  4 hobgoblins
  3 jackals (D:2)
  3 quokkas
  6 bats
  2 frilled lizards (D:1)
  6 kobolds
  8 rats
55 creatures vanquished.

Notes
Turn   | Place    | Note
-------+----------+-------------------------------------------
     0 | D:1      | RKaid the Troll Monk began the quest for the Orb.
     0 | D:1      | Reached XP level 1. HP: 22/22 MP: 0/0
   260 | D:1      | Reached XP level 2. HP: 29/29 MP: 1/1
   323 | D:1      | Found a glowing golden altar of the Shining One.
   823 | D:1      | Reached XP level 3. HP: 36/36 MP: 2/2
   933 | D:2      | Reached skill level 4 in Unarmed Combat
   972 | D:2      | Reached XP level 4. HP: 21/44 MP: 3/3
  1067 | D:2      | Found a bloodstained altar of Trog.
  1296 | D:2      | Found a faded altar of an unknown god.
  1296 | D:2      | Found a faded altar of an unknown god.
  1302 | D:2      | Found a glowing silver altar of Zin.
  1304 | D:2      | Found a faded altar of an unknown god.
  1306 | D:2      | Found a faded altar of an unknown god.
  1352 | D:2      | Found a sacrificial altar of Ru.
  1361 | D:2      | Reached skill level 5 in Unarmed Combat
  1762 | D:3      | Found a blossoming altar of Fedhas.
  1764 | D:3      | Found an ancient bone altar of Kikubaaqudgha.
  2323 | D:3      | Found a runed door.
  2467 | D:3      | Noticed Crazy Yiuf
  2473 | D:3      | HP: 10/44 [Crazy Yiuf/quarterstaff of chaos (13)]
  2478 | D:3      | HP: 5/44 [poisoned by Crazy Yiuf]
  2478 | D:3      | Mangled by Crazy Yiuf

Skill      XL: |  1  2  3  4 |
---------------+-------------+-----
Unarmed Combat | 4 5 |  5.5
Fighting       | |  2.7
Dodging        | |  2.4
Stealth        | |  1.0

Action                   |  1- 3 |  4- 6 || total
-------------------------+-------+-------++-------
Melee: Unarmed           |    60 |    71 ||   131
       Punch             |     1 |     3 ||     4
  Use: Potion            |       |     1 ||     1
 Stab: Sleeping          |     2 |     1 ||     3
       Distracted        |       |     1 ||     1
  Eat: Chunk             |    11 |    14 ||    25
Armor: Robe              |    17 |    14 ||    31
Dodge: Dodged            |    30 |    31 ||    61

Vault maps used:
D:1:      minmay_arrival_widening_spiral_wide, minmay_misc_feat_room, tso_altar
D:2:      nicolae_ru_sacrificial_ziggurat, chequers_temple_overflow_minitemple,
          trog_three_pillars_becter
D:3:      grunt_temple_overflow_growth_and_decay, serial_corexii_hall,
          corexii_hall_statues_x, corexii_hall_statues_x,
          corexii_hall_statues_i, corexii_hall_statues_u,
          corexii_hall_statues_l, corexii_hall_statues_l,
          uniq_crazy_yiuf_cottage

Table legend:
 A = Turns spent in this place as a percentage of turns spent in the entire game.
 B = Non-inter-level travel turns spent in this place as a percentage of non-inter-level travel turns spent in the entire game.
 C = Inter-level travel turns spent in this place as a percentage of turns spent in this place.
 D = Turns resting spent in this place as a percentage of non-inter-level travel turns spent in this place.
 E = Turns spent auto-exploring this place as a percentage of non-inter-level travel turns spent in this place.
 F = Non-inter-level travel turns spent in this place divided by the number of levels of this place that you've seen.
                   A       B       C       D       E      F
               +-------+-------+-------+-------+-------+----------------------
         Total | 100.0 | 100.0 |   0.5 |   0.7 |  12.9 | 201.7
       Dungeon | 100.0 | 100.0 |   0.5 |   0.7 |  12.9 | 201.7
               +-------+-------+-------+-------+-------+----------------------

Table legend:
 A = Kills in this place as a percentage of kills in entire the game.
 B = Kills by you in this place as a percentage of kills by you in the entire game.
 C = Kills by friends in this place as a percentage of kills by friends in the entire game.
 D = Other kills in this place as a percentage of other kills in the entire game.
 E = Experience gained in this place as a percentage of experience gained in the entire game.
 F = Experience gained in this place divided by the number of levels of this place that you have seen.
                   A       B       C       D       E      F
               +-------+-------+-------+-------+-------+----------------------
         Total | 100.0 | 100.0 |  -nan |  -nan | 100.0 |  63.0
       Dungeon | 100.0 | 100.0 |  -nan |  -nan | 100.0 |  63.0
               +-------+-------+-------+-------+-------+----------------------
